 Dungeon Crawl Stone Soup version 0.24.0-13-gcf9b3192b9 (webtiles) character file.

Game seed: 9782590289264312012, levelgen mode: deterministic

61 Descartes the Magician (level 3, 16/16 HPs)
             Began as a Spriggan Air Elementalist on Nov 10, 2019.
             Was a Follower of Fedhas.
             Got out of the dungeon alive.
             The game lasted 00:04:27 (2109 turns).

Descartes the Magician (Spriggan Air Elementalist)  Turns: 2109, Time: 00:04:28

Health: 16/16      AC:  2    Str:  4    XL:     3   Next: 83%
Magic:  9/9        EV: 19    Int: 17    God:    Fedhas [*.....]
Gold:   79         SH:  0    Dex: 16    Spells: 8/9 levels left

rFire    . . .     SeeInvis +   j - +0 hunting sling
rCold    . . .     Gourm    .   (shield restricted)
rNeg     . . .     Faith    .   a - +0 robe
rPois    .         Spirit   .   (helmet restricted)
rElec    .         Reflect  .   (no cloak)
rCorr    .         Harm     .   (gloves unavailable)
MR       +....                  (boots unavailable)
Stlth    +++.......             (no amulet)
HPRegen  0.05/turn              d - ring of protection from magic
MPRegen  0.11/turn              (no ring)

@: very quick
A: very small, unfitting armour, see invisible, herbivore, speed 3, slow
metabolism 2
a: Renounce Religion


You escaped.
You worshipped Fedhas.
Fedhas was aware of your devotion.
You were not hungry.

You visited 1 branch of the dungeon, and saw 2 of its levels.

You collected 79 gold pieces.

Inventory:

Hand Weapons
 b - a +0 club
 i - a cursed +0 dagger
 j - a +0 hunting sling (weapon)
 o - a +0 dagger
Missiles
 e - 18 poisoned darts
 f - 91 stones (quivered)
 n - 17 bolts
Armour
 a - a +0 robe (worn)
Jewellery
 d - a ring of protection from magic (left hand)
Scrolls
 g - 4 scrolls of identify {unknown}
 h - a scroll of magic mapping {unknown}
 l - a scroll of noise {unknown}
Potions
 k - a potion of curing {unknown}
 m - a potion of mutation {unknown}
 p - a potion of brilliance {unknown}
Comestibles
 c - 5 rations


   Skills:
 + Level 3.7 Dodging
 + Level 3.5 Stealth
 * Level 3.7 Spellcasting
 + Level 1.1 Conjurations
 * Level 3.1 Air Magic


You had 8 spell levels left.
You knew the following spells:

 Your Spells              Type           Power        Failure   Level  Hunger
a - Shock                 Conj/Air       ##..         7%          1    None

Your spell library contained the following spells:

 Spells                   Type           Power        Failure   Level  Hunger
 Swiftness                Chrm/Air       #.......     13%         2    ##.....
 Static Discharge         Conj/Air       ##......     21%         3    ###....
 Airstrike                Air            ##........   41%         4    ####...
 Lightning Bolt           Conj/Air       ##........   88%         5    ######.


Dungeon Overview and Level Annotations

Branches:
Dungeon (2/15)

Altars:
Fedhas


Innate Abilities, Weirdness & Mutations

You are very small and have problems with some larger weapons.
You are too small for most types of armour.
You have supernaturally acute eyesight. (SInv)
You are a herbivore.
You cover ground extremely quickly.
You need to consume almost no food.


Message History

Aiming: Shock (safe; 7% risk of failure)
Press: ? - help, Shift-Dir - straight line The zap hits the kobold.
The kobold is severely wounded.
The zap hits the kobold.
You kill the kobold!
Fedhas accepts your kill.
You start resting.
Magic restored.
Found a ration.
You see here an adder skeleton.
You see here a bat skeleton.
You see here a rat skeleton.
There is a stone staircase leading up here.
You climb upwards.
There is a stone staircase leading down here.
There is an open gate here.
There is a staircase leading out of the dungeon here.
Are you sure you want to leave the Dungeon?
This will make you lose the game!
You have escaped!

............# #...........
.....######## ##....##.#.# .....#
#....##.#.. .....########
#....##.#.. ............########
#....##.#..
###########........##########.#..
#..#######.# #.#.. #..#.....#.#
#.#.# #..#..@..#.# #.#.#
#..#.....#.## #.#.. #..#.....#..#
#.### #..##'''##..#######.#..
##..................#.#
######.......#####...# #######.#
##### #.# #.#


There were no monsters in sight!

Vanquished Creatures
  2 adders (D:2)
  An ooze (D:2)
  A worm (D:2)
  A leopard gecko (D:1)
  A ball python (D:1)
  8 bats
  A giant cockroach (D:2)
  4 goblins
  6 hobgoblins (D:1)
  A frilled lizard (D:1)
  4 kobolds
  4 rats
34 creatures vanquished.

Notes
Turn   | Place    | Note
-------+----------+-------------------------------------------
     0 | D:1      | Descartes the Spriggan Air Elementalist began the quest for
                  | the Orb.
     0 | D:1      | Reached XP level 1. HP: 9/9 MP: 5/5
   308 | D:1      | Reached XP level 2. HP: 13/13 MP: 2/6
   554 | D:1      | Reached skill level 1 in Conjurations
  1363 | D:2      | Reached XP level 3. HP: 16/16 MP: 3/8
  1852 | D:2      | Found a faded altar of an unknown god.
  1872 | D:2      | Became a worshipper of Fedhas Madash
  1872 | D:2      | Reached * piety under Fedhas
  2109 | D:$      | Got out of the dungeon alive.

Levels and vault maps discovered:
D:1:      dpeg_arrival_windows_large_door, layout_basic, serial_bayou,
          serial_bayou_pond_a, serial_bayou_lagoon_a, serial_bayou_shore_b,
          serial_bayou_pond_b, st_stairs_10
D:2:      layout_loops_cross, chequers_ecumenical_altar_simple,
          hangedman_glass_teeth

Skill      XL: |  1  2 |
---------------+-------+-----
Spellcasting   | 3 |  3.7
Conjurations   | 1 |  1.1
Air Magic      | 3 |  3.1
Dodging        | |  3.7
Stealth        | |  3.5

Action                   || total
-------------------------++-------
Melee: Club              ||     4
 Cast: Shock             ||    84
Armor: Robe              ||     5
Dodge: Dodged            ||    18
